3AAA
SCRANTON SUPERNOVAS @ BLOOMINGTON LONGNECKS
09/15/2028
 
TOP OF THE 1ST
Scranton Supernovas batting - Pitching for Bloomington Longnecks : RHP Pedro Aguilar
Pitching: RHP Pedro Aguilar
Batting: RHB Senior Pond 0-0: Ball
1-0: Called Strike
1-1: Fly out, F8 (Line Drive, 8LM)
Batting: RHB Kevin Malone 0-0: Ball
1-0: Ball
2-0: Foul Ball, location: 2F
2-1: Ball
3-1: Foul Ball, location: 2F
3-2: Strikes out swinging
Batting: RHB Joaquín Parra 0-0: Called Strike
0-1: Ball
1-1: Ground out 6-3 (Groundball, 6MD)
Top of the 1st over - 0 run(s), 0 hit(s), 0 error(s), 0 left on base; Scranton 0 - Bloomington 0
BOTTOM OF THE 1ST
Bloomington Longnecks batting - Pitching for Scranton Supernovas : RHP Pedro Rodríguez
Pitching: RHP Pedro Rodríguez
Batting: RHB Gabrio Campoverde 0-0: Called Strike
0-1: Ball
1-1: Swinging Strike
1-2: Foul Ball, location: 2F
1-2: Strikes out swinging
Batting: RHB Frank Crocker 0-0: Ball
1-0: Called Strike
1-1: Single, Error in OF, E7, batter to second base
Batting: SHB Eddie Ménard 0-0: Ball
1-0: Foul Ball, location: 2F
1-1: Ground out 6-3 (Groundball, 6)
Frank Crocker to third
Batting: RHB Darrell Terwey 0-0: Ball
1-0: Called Strike
1-1: Swinging Strike
1-2: Strikes out swinging
Bottom of the 1st over - 0 run(s), 1 hit(s), 1 error(s), 1 left on base; Scranton 0 - Bloomington 0
TOP OF THE 2ND
Scranton Supernovas batting - Pitching for Bloomington Longnecks : RHP Pedro Aguilar
Batting: RHB Martín Álvarez 0-0: Called Strike
0-1: Ball
1-1: Called Strike
1-2: SINGLE (Flyball, 78S)
Batting: LHB José Pacheco 0-0: Ball
1-0: Called Strike
1-1: Called Strike
1-2: Foul Ball, location: 2F
1-2: Ball
2-2: SINGLE (Groundball, 4D)
Martín Álvarez to second
Runner from 2nd tries for 3rd, SAFE, throw made to third
Batting: RHB Pedro Rivera 0-0: Ball
1-0: Ball
2-0: Called Strike
2-1: Swinging Strike
2-2: Strikes out looking
Batting: RHB Dong-po Tien 0-0: Ball
1-0: Foul Ball, location: 2F
1-1: Swinging Strike
1-2: Ball
2-2: Fly out, F8 (Flyball, 8RM)
Runner from 3rd tags up, OUT at HOME
Top of the 2nd over - 0 run(s), 2 hit(s), 0 error(s), 1 left on base; Scranton 0 - Bloomington 0
BOTTOM OF THE 2ND
Bloomington Longnecks batting - Pitching for Scranton Supernovas : RHP Pedro Rodríguez
Batting: LHB Luis Velázquez 0-0: Ball
1-0: Called Strike
1-1: SINGLE (Line Drive, 78M)
Batting: RHB Carlos Cardona 0-0: Called Strike
0-1: Foul Ball, location: 2F
0-2: Ball
1-2: Strikes out looking
Batting: LHB Shang-de Zhang 0-0: Called Strike
Luis Velázquez steals 2nd base
0-1: Swinging Strike
0-2: DOUBLE (Line Drive, 9LM)
Luis Velázquez scores
Batting: SHB Benedict Patel 0-0: Foul Ball, location: 2F
0-1: Called Strike
0-2: Fly out, F8 (Flyball, 8LS)
Batting: RHB Dave Farr 0-0: Ball
1-0: Foul Ball, location: 2F
1-1: Swinging Strike
1-2: Ball
2-2: Ball
3-2: Foul Ball, location: 2F
3-2: Ground out 4-3 (Groundball, 4)
Bottom of the 2nd over - 1 run(s), 2 hit(s), 0 error(s), 1 left on base; Scranton 0 - Bloomington 1
TOP OF THE 3RD
Scranton Supernovas batting - Pitching for Bloomington Longnecks : RHP Pedro Aguilar
Batting: RHB Kent Summey 0-0: Ball
1-0: Ball
2-0: Called Strike
2-1: Swinging Strike
2-2: Foul Ball, location: 2F
2-2: Ball
3-2: Strikes out swinging
Batting: RHB Brad Jacobson 0-0: Ball
1-0: Called Strike
1-1: Foul Ball, location: 2F
1-2: Ball
2-2: Ball
3-2: Base on Balls
Batting: RHB Senior Pond Pickoff Throw to First - Out!
0-0: Ball
1-0: Swinging Strike
1-1: Called Strike
1-2: Strikes out swinging
Top of the 3rd over - 0 run(s), 0 hit(s), 0 error(s), 0 left on base; Scranton 0 - Bloomington 1
BOTTOM OF THE 3RD
Bloomington Longnecks batting - Pitching for Scranton Supernovas : RHP Pedro Rodríguez
Batting: RHB Gabrio Campoverde 0-0: Ball
1-0: Ball
2-0: SINGLE (Line Drive, 6MD)
Batting: RHB Frank Crocker 0-0: Foul Ball, location: 2F
0-1: Ball
1-1: Called Strike
1-2: Ball
2-2: SINGLE (Groundball, 6D)
Gabrio Campoverde to second
Batting: SHB Eddie Ménard 0-0: Foul Ball, location: 2F
0-1: Ball
1-1: Called Strike
1-2: Ball
2-2: Ball
3-2: Ground out 6-3 (Groundball, 6S)
Gabrio Campoverde to third
Frank Crocker to second
Batting: RHB Darrell Terwey 0-0: Ball
1-0: Swinging Strike
1-1: Ball
2-1: Ball
3-1: Foul Ball, location: 2F
3-2: Foul Ball, location: 2F
3-2: DOUBLE (Line Drive, 7LM)
Gabrio Campoverde scores
Frank Crocker scores
Batting: LHB Luis Velázquez 0-0: Ball
1-0: Called Strike
1-1: Ball
2-1: Ball
3-1: Foul Ball, location: 2F
3-2: 2-RUN HOME RUN (Flyball, 78XD), Distance : 399 ft
Batting: RHB Carlos Cardona 0-0: Called Strike
0-1: Ground out 6-3 (Groundball, 6D)
Batting: LHB Shang-de Zhang 0-0: Ball
1-0: Ball
2-0: Called Strike
2-1: Ball
3-1: Foul Ball, location: 2F
3-2: Foul Ball, location: 2F
3-2: SINGLE (Line Drive, 4MD)
Batting: SHB Benedict Patel 0-0: Called Strike
0-1: Fielders Choice at 2nd, 4-6 (Groundball, 4)
Bottom of the 3rd over - 4 run(s), 5 hit(s), 0 error(s), 0 left on base; Scranton 0 - Bloomington 5
TOP OF THE 4TH
Scranton Supernovas batting - Pitching for Bloomington Longnecks : RHP Pedro Aguilar
Batting: RHB Kevin Malone 0-0: Ball
1-0: Ball
2-0: Called Strike
2-1: Foul Ball, location: 2F
2-2: SINGLE (Groundball, 6MD)
Batting: RHB Joaquín Parra 0-0: Ball
1-0: Ball
2-0: Grounds into double play, 6-4-3 (Groundball, 6)
Batting: RHB Martín Álvarez 0-0: Called Strike
0-1: Swinging Strike
0-2: Ball
1-2: Ball
2-2: Fly out, F8 (Flyball, 8LD)
Top of the 4th over - 0 run(s), 1 hit(s), 0 error(s), 0 left on base; Scranton 0 - Bloomington 5
BOTTOM OF THE 4TH
Bloomington Longnecks batting - Pitching for Scranton Supernovas : RHP Pedro Rodríguez
Batting: RHB Dave Farr 0-0: Ball
1-0: Ball
2-0: Foul Ball, location: 2F
2-1: Called Strike
2-2: Ball
3-2: Ground out 4-3 (Groundball, 4)
Batting: RHB Gabrio Campoverde 0-0: Swinging Strike
0-1: Fly out, F8 (Flyball, 8LM)
Batting: RHB Frank Crocker 0-0: Ball
1-0: Ball
2-0: Called Strike
2-1: Ball
3-1: Called Strike
3-2: Base on Balls
Batting: SHB Eddie Ménard 0-0: Called Strike
Frank Crocker steals 2nd base
0-1: Ball
1-1: Fly out, F1 (Line Drive, 13)
Bottom of the 4th over - 0 run(s), 0 hit(s), 0 error(s), 1 left on base; Scranton 0 - Bloomington 5
TOP OF THE 5TH
Scranton Supernovas batting - Pitching for Bloomington Longnecks : RHP Pedro Aguilar
Batting: LHB José Pacheco 0-0: Called Strike
0-1: Ball
1-1: Ball
2-1: Ball
3-1: Hit by Pitch
Batting: RHB Pedro Rivera 0-0: Foul Ball, location: 2F
0-1: Ball
1-1: Called Strike
1-2: Ball
2-2: Ball
3-2: Foul Ball, location: 2F
3-2: Fly out, F8 (Flyball, 8LD)
Batting: RHB Dong-po Tien 0-0: Grounds into double play, 4-6-3 (Groundball, 4)
Top of the 5th over - 0 run(s), 0 hit(s), 0 error(s), 0 left on base; Scranton 0 - Bloomington 5
BOTTOM OF THE 5TH
Bloomington Longnecks batting - Pitching for Scranton Supernovas : RHP Pedro Rodríguez
Batting: RHB Darrell Terwey 0-0: Ball
1-0: Called Strike
1-1: Called Strike
1-2: Foul Ball, location: 2F
1-2: Foul Ball, location: 2F
1-2: Foul Ball, location: 2F
1-2: Ground out 5-3 (Groundball, 56S)
Batting: LHB Luis Velázquez 0-0: Ball
1-0: Ball
2-0: Ball
3-0: Called Strike
3-1: Base on Balls
Pitching: LHP Rob Smith
Batting: RHB Carlos Cardona 0-0: Foul Ball, location: 2F
0-1: Ball
1-1: Ball
2-1: DOUBLE (Flyball, 78M)
Luis Velázquez to third
Batting: LHB Shang-de Zhang 0-0: Foul Ball, location: 2F
0-1: Called Strike
0-2: Strikes out looking
Batting: SHB Benedict Patel 0-0: Swinging Strike
0-1: Swinging Strike
0-2: Ball
1-2: Strikes out looking
Bottom of the 5th over - 0 run(s), 1 hit(s), 0 error(s), 2 left on base; Scranton 0 - Bloomington 5
TOP OF THE 6TH
Scranton Supernovas batting - Pitching for Bloomington Longnecks : RHP Pedro Aguilar
Batting: RHB Kent Summey 0-0: Ball
1-0: Swinging Strike
1-1: Swinging Strike
1-2: Hit by Pitch
Batting: RHB Brad Jacobson 0-0: Ball
1-0: Ball
2-0: Foul Ball, location: 2F
2-1: Foul Ball, location: 2F
2-2: Strikes out swinging
Batting: RHB Senior Pond 0-0: Ball
1-0: Called Strike
1-1: Ball
2-1: Foul Ball, location: 2F
2-2: Hit by Pitch
Kent Summey to second
Batting: RHB Kevin Malone 0-0: Called Strike
0-1: Ball
1-1: Ball
2-1: Called Strike
2-2: Fly out, F4 (Line Drive, 4)
Batting: RHB Joaquín Parra 0-0: Called Strike
0-1: Ball
1-1: Ball
2-1: Ball
3-1: Base on Balls
Kent Summey to third
Senior Pond to second
Batting: RHB Martín Álvarez 0-0: Ball
1-0: Swinging Strike
1-1: Foul Ball, location: 2F
1-2: Ball
2-2: Foul Ball, location: 2F
2-2: Ball
3-2: TRIPLE (Flyball, 8RXD)
Kent Summey scores
Senior Pond scores
Joaquín Parra scores
Batting: LHB José Pacheco 0-0: Ball
1-0: DOUBLE (Flyball, 89D)
Martín Álvarez scores
Batting: RHB Pedro Rivera 0-0: Ball
1-0: Ball
2-0: Foul Ball, location: 2F
2-1: Ball
3-1: Called Strike
3-2: Base on Balls
Batting: RHB Dong-po Tien 0-0: Called Strike
0-1: SINGLE (Groundball, 34D)
José Pacheco to third
Pedro Rivera to second
Runner from 3rd tries for Home, SAFE, no throw
Batting: RHB Kent Summey 0-0: Foul Ball, location: 2F
0-1: SINGLE (Line Drive, 3)
Pedro Rivera to third
Dong-po Tien to second
Pitching: RHP Vincente Ortíz
Batting: RHB Brad Jacobson 0-0: Called Strike
0-1: Ball
1-1: Ball
2-1: Swinging Strike
2-2: Strikes out swinging
Top of the 6th over - 5 run(s), 4 hit(s), 0 error(s), 3 left on base; Scranton 5 - Bloomington 5
BOTTOM OF THE 6TH
Bloomington Longnecks batting - Pitching for Scranton Supernovas : LHP Rob Smith
Batting: RHB Dave Farr 0-0: Ball
1-0: Ball
2-0: Ball
3-0: Called Strike
3-1: Base on Balls
Batting: RHB Gabrio Campoverde 0-0: Ball
1-0: Foul Ball, location: 2F
1-1: Fly out, F7 (Flyball, 78XD)
Batting: RHB Frank Crocker 0-0: Foul Ball, location: 2F
0-1: Ball
1-1: SINGLE (Line Drive, 7LS)
Dave Farr to second
Batting: SHB Eddie Ménard 0-0: Ball
1-0: Foul Ball, location: 2F
1-1: Foul Ball, location: 2F
1-2: Strikes out swinging
Batting: RHB Darrell Terwey 0-0: Ball
1-0: Ball
2-0: Swinging Strike
2-1: Ball
3-1: Foul Ball, location: 2F
3-2: Foul Ball, location: 2F
3-2: Strikes out looking
Bottom of the 6th over - 0 run(s), 1 hit(s), 0 error(s), 2 left on base; Scranton 5 - Bloomington 5
TOP OF THE 7TH
Scranton Supernovas batting - Pitching for Bloomington Longnecks : RHP Vincente Ortíz
Batting: RHB Senior Pond 0-0: Ball
1-0: Ball
2-0: Called Strike
2-1: Swinging Strike
2-2: Fly out, F8 (Flyball, 8LS)
Batting: RHB Kevin Malone 0-0: Ball
1-0: Ball
2-0: Ball
3-0: Base on Balls
Pinch Hitting: LHB Phillip Tinker 0-0: Ball
1-0: Called Strike
1-1: Fly out, F9 (Flyball, 9S)
Batting: RHB Martín Álvarez 0-0: Ball
1-0: Called Strike
1-1: Fly out, F5 (Popup, 56D)
Top of the 7th over - 0 run(s), 0 hit(s), 0 error(s), 1 left on base; Scranton 5 - Bloomington 5
BOTTOM OF THE 7TH
Bloomington Longnecks batting - Pitching for Scranton Supernovas : LHP Rob Smith
Now at 2B: Alonso Solís
Pinch Hitting: RHB Mark Smiley 0-0: Ball
1-0: Ball
2-0: Called Strike
2-1: Called Strike
2-2: SINGLE (Groundball, 6D)
Batting: RHB Carlos Cardona 0-0: Ball
1-0: Swinging Strike
1-1: Called Strike
1-2: Ball
2-2: Grounds into double play, 5-4-3 (Groundball, 56)
Pinch Hitting: RHB Chet Hollis 0-0: SINGLE (Line Drive, 9S)
Pinch Hitting: LHB Ray Anderson 0-0: Ball
1-0: Foul Ball, location: 2F
1-1: Ball
2-1: Ball
3-1: Fly out, F7 (Flyball, 78D)
Bottom of the 7th over - 0 run(s), 2 hit(s), 0 error(s), 1 left on base; Scranton 5 - Bloomington 5
TOP OF THE 8TH
Scranton Supernovas batting - Pitching for Bloomington Longnecks : RHP Vincente Ortíz
Now at 1B: Eugene Bentley
Now at SS: Chet Hollis
Now in RF: Ray Anderson
Batting: LHB José Pacheco 0-0: Called Strike
0-1: SINGLE (Groundball, 4MD)
Batting: RHB Pedro Rivera 0-0: Sac Bunt - play at first, batter OUT! 1-3
José Pacheco to second
Pinch Hitting: RHB Felipe Bruno 0-0: Ground out 5-3 (Groundball, 5S)
José Pacheco to third
Batting: RHB Kent Summey 0-0: Ball
1-0: Foul Ball, location: 2F
1-1: Ball
2-1: Ball
3-1: Base on Balls
Batting: RHB Brad Jacobson 0-0: Ball
1-0: Called Strike
1-1: Ball
2-1: SINGLE (Groundball, 34D)
José Pacheco scores
Kent Summey to second
Runner from 2nd tries for 3rd, SAFE, throw made to third
Batting: RHB Senior Pond 0-0: Foul Ball, location: 2F
0-1: Ball
1-1: Ground out 5-3 (Groundball, 56)
Top of the 8th over - 1 run(s), 2 hit(s), 0 error(s), 2 left on base; Scranton 6 - Bloomington 5
BOTTOM OF THE 8TH
Bloomington Longnecks batting - Pitching for Scranton Supernovas : LHP Rob Smith
Pitching: RHP Bernardo Valdés
Now at 3B: Gianpaolo Monachino
Batting: RHB Dave Farr 0-0: Foul Ball, location: 2F
0-1: Called Strike
0-2: Strikes out looking
Batting: RHB Gabrio Campoverde 0-0: Ball
1-0: Called Strike
1-1: Called Strike
1-2: Ball
2-2: Foul Ball, location: 2F
2-2: Ground out 4-3 (Groundball, 4)
Batting: RHB Frank Crocker 0-0: Called Strike
0-1: Ball
1-1: Ball
2-1: Called Strike
2-2: Foul Ball, location: 2F
2-2: Fly out, F4 (Popup, 4D)
Bottom of the 8th over - 0 run(s), 0 hit(s), 0 error(s), 0 left on base; Scranton 6 - Bloomington 5
TOP OF THE 9TH
Scranton Supernovas batting - Pitching for Bloomington Longnecks : RHP Vincente Ortíz
Batting: RHB Kevin Malone 0-0: Ball
1-0: Ball
2-0: Ball
3-0: Base on Balls
Pitching: RHP Richard Sykes
Batting: SHB Alonso Solís 0-0: Foul Ball, location: 2F
0-1: Ball
1-1: Foul Ball, location: 2F
1-2: Strikes out swinging
Batting: RHB Martín Álvarez 0-0: Ball
1-0: Called Strike
1-1: Ball
2-1: Called Strike
2-2: Grounds into double play, 5-4-3 (Groundball, 56)
Top of the 9th over - 0 run(s), 0 hit(s), 0 error(s), 0 left on base; Scranton 6 - Bloomington 5
BOTTOM OF THE 9TH
Bloomington Longnecks batting - Pitching for Scranton Supernovas : RHP Bernardo Valdés
Pitching: RHP Apollo Cepeda
Batting: SHB Eddie Ménard 0-0: Ball
1-0: Ball
2-0: Foul Ball, location: 2F
2-1: Foul Ball, location: 2F
2-2: Fly out, F7 (Flyball, 78M)
Batting: RHB Darrell Terwey 0-0: Ball
1-0: Ball
2-0: Ball
3-0: Called Strike
3-1: Base on Balls
Batting: SHB Eugene Bentley 0-0: Called Strike
0-1: Called Strike
0-2: Ground out U3 (Groundball, 3)
Darrell Terwey to second
Batting: RHB Carlos Cardona 0-0: Foul Ball, location: 2F
0-1: Ball
1-1: Ball
2-1: SINGLE (Line Drive, 3)
Darrell Terwey to third
Runner from 3rd tries for Home, SAFE, no throw
Batting: RHB Chet Hollis 0-0: Ball
1-0: Fielders Choice at 2nd, 4-6 (Groundball, 4)
Bottom of the 9th over - 1 run(s), 1 hit(s), 0 error(s), 0 left on base; Scranton 6 - Bloomington 6
TOP OF THE 10TH
Scranton Supernovas batting - Pitching for Bloomington Longnecks : RHP Richard Sykes
Pitching: RHP Fred Pitts
Batting: LHB José Pacheco 0-0: Ball
1-0: Ball
2-0: Called Strike
2-1: Swinging Strike
2-2: Ball
3-2: Base on Balls
Batting: RHB Pedro Rivera 0-0: Ball
1-0: Bunted foul
1-1: Sac Bunt - play at second, runner OUT -> throw to first, DP!
Batting: RHB Gianpaolo Monachino 0-0: Ball
1-0: Called Strike
1-1: Ball
2-1: Ball
3-1: Foul Ball, location: 2F
3-2: Ground out 6-3 (Groundball, 6)
Top of the 10th over - 0 run(s), 0 hit(s), 0 error(s), 0 left on base; Scranton 6 - Bloomington 6
BOTTOM OF THE 10TH
Bloomington Longnecks batting - Pitching for Scranton Supernovas : RHP Apollo Cepeda
Batting: LHB Ray Anderson 0-0: Ball
1-0: Foul Ball, location: 2F
1-1: Ball
2-1: Ball
3-1: Called Strike
3-2: Foul Ball, location: 2F
3-2: Ground out 6-3 (Groundball, 6)
Batting: RHB Dave Farr 0-0: Called Strike
0-1: Foul Ball, location: 2F
0-2: Ball
1-2: Foul Ball, location: 2F
1-2: Strikes out swinging
Batting: RHB Gabrio Campoverde 0-0: Ball
1-0: Called Strike
1-1: Called Strike
1-2: Strikes out swinging
Bottom of the 10th over - 0 run(s), 0 hit(s), 0 error(s), 0 left on base; Scranton 6 - Bloomington 6
TOP OF THE 11TH
Scranton Supernovas batting - Pitching for Bloomington Longnecks : RHP Fred Pitts
Batting: RHB Kent Summey 0-0: Called Strike
0-1: Swinging Strike
0-2: Foul Ball, location: 2F
0-2: Strikes out swinging
Batting: RHB Brad Jacobson 0-0: Called Strike
0-1: Foul Ball, location: 2F
0-2: Ball
1-2: Ball
2-2: Foul Ball, location: 2F
2-2: Foul Ball, location: 2F
2-2: Strikes out swinging
Batting: RHB Senior Pond 0-0: Foul Ball, location: 2F
0-1: Swinging Strike
0-2: Ball
1-2: Foul Ball, location: 2F
1-2: Foul Ball, location: 2F
1-2: Strikes out swinging
Top of the 11th over - 0 run(s), 0 hit(s), 0 error(s), 0 left on base; Scranton 6 - Bloomington 6
BOTTOM OF THE 11TH
Bloomington Longnecks batting - Pitching for Scranton Supernovas : RHP Apollo Cepeda
Batting: RHB Frank Crocker 0-0: Called Strike
0-1: Ball
1-1: SINGLE (Flyball, 9S)
Batting: SHB Eddie Ménard 0-0: Swinging Strike
0-1: Called Strike
0-2: Ball
1-2: Ball
2-2: Strikes out looking
Batting: RHB Darrell Terwey 0-0: Called Strike
0-1: Ball
Frank Crocker steals 2nd base
1-1: Intentional Walk
Batting: SHB Eugene Bentley 0-0: Ball
1-0: Called Strike
1-1: Ball
2-1: Called Strike
2-2: Grounds into double play, 5-4-3 (Groundball, 56)
Bottom of the 11th over - 0 run(s), 1 hit(s), 0 error(s), 1 left on base; Scranton 6 - Bloomington 6
TOP OF THE 12TH
Scranton Supernovas batting - Pitching for Bloomington Longnecks : RHP Fred Pitts
Pitching: RHP Jim Dixon
Batting: RHB Kevin Malone 0-0: Ball
1-0: Ball
2-0: SINGLE (Line Drive, 7S)
Batting: SHB Alonso Solís 0-0: Ball
1-0: Ball
2-0: Ball
3-0: Called Strike
3-1: SINGLE (Groundball, 34D)
Kevin Malone to second
Runner from 2nd tries for 3rd, SAFE, throw made to third
Batting: RHB Martín Álvarez 0-0: Called Strike
0-1: Ball
1-1: Called Strike
1-2: Ball
2-2: Ball
3-2: SINGLE (Line Drive, 4D)
Kevin Malone scores
Alonso Solís to second
Runner from 2nd tries for 3rd, SAFE, throw made to third
Batting: LHB José Pacheco 0-0: Ball
1-0: Swinging Strike
1-1: SINGLE (Groundball, 34)
Alonso Solís scores
Martín Álvarez to second
Runner from 2nd tries for 3rd, SAFE, throw made to third
Batting: RHB Pedro Rivera 0-0: Called Strike
0-1: Ball
1-1: SINGLE (Flyball, 89S)
Martín Álvarez scores
José Pacheco to second
Runner from 2nd tries for 3rd, SAFE, throw made to third
Pitching: RHP William Waters
Batting: RHB Gianpaolo Monachino 0-0: Called Strike
0-1: Ball
1-1: Foul Ball, location: 2F
1-2: Strikes out looking
Batting: RHB Kent Summey 0-0: Ball
1-0: Ball
2-0: Fly out, F8 (Flyball, 8RS)
Batting: RHB Brad Jacobson 0-0: Ball
1-0: Ball
2-0: Fielders Choice at 2nd, 6-4 (Groundball, 6)
Top of the 12th over - 3 run(s), 5 hit(s), 0 error(s), 1 left on base; Scranton 9 - Bloomington 6
BOTTOM OF THE 12TH
Bloomington Longnecks batting - Pitching for Scranton Supernovas : RHP Apollo Cepeda
Batting: RHB Carlos Cardona 0-0: SINGLE (Groundball, 34D)
Batting: RHB Chet Hollis 0-0: Swinging Strike
0-1: Foul Ball, location: 2F
0-2: Strikes out swinging
Batting: LHB Ray Anderson 0-0: Ball
1-0: Called Strike
1-1: Ball
2-1: Ball
3-1: Swinging Strike
3-2: Base on Balls
Carlos Cardona to second
Pitching: RHP Orlando Ángel
Batting: RHB Dave Farr 0-0: Called Strike
0-1: Ball
1-1: Grounds into double play, 5-4-3 (Groundball, 56)
Bottom of the 12th over - 0 run(s), 1 hit(s), 0 error(s), 1 left on base; Scranton 9 - Bloomington 6
Wednesday, September 6th, 2017 - OOTP Baseball 17.12 Build 75